 Dungeon Sprint DCSS version 0.22-a0-877-g5c4e1af (webtiles) character file.

433 Supahsalami the Basher (level 7, -16/52 HPs)
             Began as a Gargoyle Fighter on July 29, 2018.
             Was an Initiate of Okawaru.
             Demolished by Sonja
             ... wielding a +0 short sword of distortion
              (17 damage)
             ... while paralysed by Sonja
             ... in the Dungeon (Sprint I: "Red Sonja").
             The game lasted 00:04:03 (846 turns).

Supahsalami the Basher (Gargoyle Fighter)            Turns: 846, Time: 00:04:04

Health: -16/52     AC: 13    Str: 21    XL:     7   Next: 0%
Magic:  7/7        EV:  2    Int:  9    God:    Okawaru [......]
Gold:   110        SH:  0    Dex: 13    Spells: 6/6 levels left

rFire    . . .     SeeInvis .   a - +0 flail
rCold    . . .     Gourm    .   c - +0 shield
rNeg     + . .     Faith    .   b - +0 scale mail
rPois    ∞         Spirit   .   (no helmet)
rElec    +         Reflect  .   (no cloak)
rCorr    .         Harm     .   e - +0 pair of gloves "Jaqull" {Dex+4}
MR       .....     NoTele   +   (no boots)
Stlth    ..........             (no amulet)
HPRegen  0.17/turn              (no ring)
MPRegen  0.10/turn              (no ring)

@: paralysed
A: negative energy resistance 1, electricity resistance, unbreathing,
petrification resistance, rot immunity, AC +4
a: Renounce Religion


You were in the Dungeon.
You worshipped Okawaru.
Okawaru was noncommittal.
You were not hungry.

You visited 1 branch You collected 309 gold pieces.
You spent 199 gold pieces at shops.

Inventory:

Hand Weapons
 a - a +0 flail (weapon)
Armour
 b - a +0 scale mail (worn)
 c - a +0 shield (worn)
 e - the +0 pair of gloves "Jaqull" (worn) {Dex+4}
   (You bought it in a shop in the Dungeon)

   It affects your dexterity (+4).
Wands
 l - a wand of random effects (18)
Scrolls
 k - a scroll of blinking
Potions
 d - a potion of might
 h - a potion of haste
 i - 3 potions of magic
 j - a potion of berserk rage
Comestibles
 f - a ration


   Skills:
 + Level 9.7 Fighting
 + Level 11.0 Maces & Flails
 + Level 5.8 Armour
 - Level 3.2 Shields


You had 6 spell levels left.
You didn't know any spells.
Your spell library was empty.

Dungeon Overview and Level Annotations

Branches:
Dungeon (1/1)

Altars:
Cheibriados
Dithmenos
Elyvilon
Fedhas
Gozag
Hepliaklqana
Kikubaaqudgha
Nemelex Xobeh
Okawaru
Qazlal
Ru
Sif Muna
Trog
Uskayaw
Vehumet
Wu Jian
Yredelemnul
Zin
The Shining One

Shops:
D [

Annotations:
D Sonja


Innate Abilities, Weirdness & Mutations

You are resistant to torment.
Your stone body is resilient. (AC +4)
You are immune to poison.
You resist negative energy. (rN+)
You are resistant to electric shocks. (rElec)
You can survive without breathing.
You are immune to petrification.
You are immune to rotting.


Message History

There is an open door here.
You completely miss Sonja.
Sonja zaps a wand.
You suddenly lose the ability to move!
It is a wand of paralysis (13).
Sonja hits you with an uncursed short sword of distortion.
Space warps horribly around you! Sonja hits you but does no damage.
You feel a strange sense of stasis. Sonja hits you but does no damage.
Space bends around you.
Sonja shouts, "Hah!
Missed me again!"
Sonja hits you but does no damage. x2; Space warps horribly around you!
Sonja hits you with an uncursed short sword of distortion.
Space warps horribly around you!
* * * LOW HITPOINT WARNING * * *
Sonja zaps a wand.
You shrug off the repeated paralysis!
Sonja zaps a wand.
You shrug off the repeated paralysis!
Sonja hits you but does no damage. Space bends around you.
* * * LOW HITPOINT WARNING * * *
Sonja hits you but does no damage. x2; You feel a strange sense of stasis.
Sonja zaps a wand.
You resist with some effort. Sonja hits you but does no damage.
Space warps horribly around you!
You die...

################
#<.#..'..#..'..#
#..'[.#..').#..+
#..#####'#####'#
#..####..#...#.#
#.)#__####(.##K#
#..#_____##@#_.+
#⌠⌠#_.∩...'.K._#
####_..__##_(#+#
#_____###(#
####### #.#
+$.$+ #$.$#
##.## #+#


You could see Sonja.

Vanquished Creatures
  A yak (D)
  Sigmund (D)
  An ogre (D)
  A jelly (D)
  Ijyb (D)
5 creatures vanquished.

Notes
Turn   | Place    | Note
-------+----------+-------------------------------------------
     0 | D        | Supahsalami the Gargoyle Fighter began the quest for the Orb.
     0 | D        | Reached XP level 1. HP: 14/14 MP: 1/1
     1 | D        | Noticed Ijyb
    12 | D        | Killed Ijyb
    12 | D        | Reached skill level 5 in Maces & Flails
    12 | D        | Reached XP level 2. HP: 17/20 MP: 2/2
    12 | D        | Reached XP level 3. HP: 22/25 MP: 3/3
   144 | D        | Noticed an ogre
   163 | D        | Killed an ogre
   163 | D        | Reached skill level 7 in Maces & Flails
   163 | D        | Reached XP level 4. HP: 6/32 MP: 4/4
   507 | D        | Noticed Sigmund
   522 | D        | HP: 1/32 [Sigmund/puff of flame (4)]
   529 | D        | Killed Sigmund
   529 | D        | Reached skill level 10 in Maces & Flails
   529 | D        | Reached XP level 5. HP: 32/40 MP: 5/5
   529 | D        | Reached XP level 6. HP: 36/45 MP: 6/6
   598 | D        | Found an ornate altar of the Wu Jian Council.
   598 | D        | Found a deep blue altar of Sif Muna.
   600 | D        | Found a radiant altar of Vehumet.
   702 | D        | Found Fest's Armour Emporium.
   702 | D        | Found an ancient bone altar of Kikubaaqudgha.
   702 | D        | Found a hazy altar of Hepliaklqana.
   702 | D        | Found a hide-covered altar of Uskayaw.
   702 | D        | Found a basalt altar of Yredelemnul.
   702 | D        | Found an opulent altar of Gozag.
   702 | D        | Found a snail-covered altar of Cheibriados.
   702 | D        | Found a sacrificial altar of Ru.
   702 | D        | Found a shadowy altar of Dithmenos.
   702 | D        | Noticed a yak
   710 | D        | Killed a yak
   710 | D        | Reached skill level 11 in Maces & Flails
   710 | D        | Reached skill level 5 in Armour
   710 | D        | Reached XP level 7. HP: 35/52 MP: 7/7
   711 | D        | Found a stormy altar of Qazlal.
   711 | D        | Found a blossoming altar of Fedhas.
   711 | D        | Found a bloodstained altar of Trog.
   711 | D        | Found an iron altar of Okawaru.
   711 | D        | Found a glowing golden altar of the Shining One.
   711 | D        | Found a glowing silver altar of Zin.
   711 | D        | Found a white marble altar of Elyvilon.
   712 | D        | Found a sparkling altar of Nemelex Xobeh.
   717 | D        | Became a worshipper of Warmaster Okawaru
   811 | D        | Bought the +0 pair of gloves "Jaqull" {Dex+4} for 199 gold pieces
   828 | D        | Noticed Sonja
   841 | D        | Paralysed by Sonja for 5 turns
   845 | D        | HP: 1/52 [Sonja/uncursed short sword of distortion (4)]
   846 | D        | Demolished by Sonja

Vault maps used:
D:        dungeon_sprint_1

Skill      XL: |  1  2  3  4  5  6 |
---------------+-------------------+-----
Fighting       | 4 6 8 9 |  9.7
Maces & Flails | 5 7 10 11 | 11.0
Armour         | 5 |  5.8
Shields        | |  3.2

Action                   |  1- 3 |  4- 6 |  7- 9 || total
-------------------------+-------+-------+-------++-------
Melee: Flail             |    20 |    33 |     1 ||    54
  Use: Potion            |       |     2 |       ||     2
Armor: Scale mail        |     5 |     4 |     8 ||    17
Dodge: Dodged            |     4 |     5 |     1 ||    10
Block: Shield            |    11 |    12 |     3 ||    26

Table legend:
 A = Spawn XP
 B = Non-spawn XP
 C = Spawn XP percentage of total XP
 D = Spawn monster count
 E = Non-spawn monster count
 F = Spawn count percentage of total count
 G = Total turns spent on level
                    A         B        C        D         E        F      G
               +---------+---------+-------+---------+---------+-------+---------
         Total |       0 |     619 |   0.0 |       0 |       5 |   0.0 |   846
               +---------+---------+-------+---------+---------+-------+---------
             D |       0 |     619 |   0.0 |       0 |       5 |   0.0 |   846
               +---------+---------+-------+---------+---------+-------+---------
